cohdb
Replays
Latest Replays
All Replays
Popular Replays
Top Player Replays
Match Explorer
How It Works
Community
CoH3 Stats
Reddit
Sign in to upload your games and track your stats! →
Sign in with Steam
Match 42960146
Unlisted
Match 42960146
Overview
Messages
Build Orders
End
Kradschützen Motorcycle Team
Panzergrenadier Squad
Panzerpioneer Squad
250 Light Carrier
Selects Panzerjäger Kommand Battlegroup
Selects Mine Fields
Panzergrenadier Squad
Panzergrenadier Squad
Construct Light Support Kompanie
Panzerjäger Mechanized Group
Panzerpioneer Squad
Selects Early Warning
Selects Tank Busters
2.5-tonne Medical Truck
Construct Mechanized Kompanie
Selects Butterfly Bomb Drop
Combat Half-tracks
8 Rad Armored Car
Panzerjäger Mechanized Group
Selects Crew Shock Tactics
Vehicle Survival Package
Marder III Tank Destroyer
Panzergrenadier Squad
AI Takeover
Mr.Yundo
DrewP
0
0
Comments
sign in to comment!
No comments posted yet!